[Event "*** Titled Tuesday Blitz"]
[Site "Chess.com"]
[Date "2020.10.27"]
[Round "2"]
[White "chessmachine14"]
[Black "Ranindu2003"]
[Result "1-0"]
[WhiteElo "2332"]
[BlackElo "2554"]
[TimeControl "180+1"]
[EndTime "10:18:11 PDT"]
[Termination "chessmachine14 won by resignation"]

1. e4 e5 2. Nf3 Nc6 3. Bb5 a6 4. Ba4 Nf6 5. O-O Be7 6. Re1 b5 7. Bb3 d6 8. c3 O-O 9. d4 Bg4 10.
Be3 Rb8 11. h3 Bh5 12. Nbd2 Na5 13. Bc2 c5 14. dxe5 dxe5 15. g4 Bg6 16. Nxe5 Qc7 17. f4 Bd6 18. Qf3 Bxe5 19. fxe5 Qxe5 20. Bf4 Qe6 21.
Bxb8 Rxb8 22. Rac1 Nd7 23. Qf4 Rd8 24. Nf3 Nc4 25. e5 Nxb2 26. Ng5 Qb6 27. e6 c4+ 28. Kh2 fxe6 29. Bxg6 hxg6 30. Rxe6 Qb8 31. Qxb8 Nxb8 32. Rce1 Rf8 33. Re8 Nd3 34. R1e7 Nc6 35. Re6 Nb8 36.
Rxf8+ Kxf8 37. Rb6 Nd7 38. Rxa6 N7e5 39. Rb6 b4 40. cxb4 Ke7 41. Ne4 Kd7 42. a4 Kc7 43. a5 Nb2 44. Re6 Ned3 45. a6 Na4 46. a7 Kb7 47. Ra6 1-0

[Event "*** Titled Tuesday Blitz"]
[Site "Chess.com"]
[Date "2020.10.27"]
[Round "2"]
[White "saraswathii"]
[Black "PattyCastillo"]
[Result "1-0"]
[WhiteElo "2385"]
[BlackElo "1850"]
[TimeControl "180+1"]
[EndTime "10:18:11 PDT"]
[Termination "saraswathii won on time"]

1. e4 c5 2. d3 d6 3. Nf3 Nf6 4.
g3 g6 5. Bg2 Bg7 6. O-O Nc6 7.
c3 O-O 8. Qe2 Qc7 9. Nbd2 b5 10.
Re1 Rb8 11. h3 a5 12. a3 b4 13. axb4 axb4 14. Nc4 bxc3 15. bxc3 Be6 16. Ne3 Rb3 17. Bd2 Rfb8 18. Ng5 Bd7 19. f4 h6 20. Nf3 Nh5 21. Nd5 Qd8 22. g4 Nf6 23. Nxf6+ Bxf6 24. e5 Bg7 25. Qe4 dxe5 26. Nxe5 Nxe5 27. fxe5 Be6 28. Ra7 Rb2 29. Be3 Rxg2+ 30. Qxg2 Qxd3 31. Qd2 Qxd2 32. Bxd2 Rb2 33. Bf4 Bd5 34. Rxe7 Rg2+ 35. Kf1 Rc2 36. Rd1 Bc4+ 37. Kg1 g5 38. Rd8+ Kh7 39. Bg3 Kg6 40. Rc7 Rc1+ 41. Kf2 Rc2+ 42. Ke1 Rxc3 43. Bh2 1-0

[Event "*** Titled Tuesday Blitz"]
[Site "Chess.com"]
[Date "2020.10.27"]
[Round "2"]
[White "ural58"]
[Black "DenisQ"]
[Result "0-1"]
[WhiteElo "2339"]
[BlackElo "2654"]
[TimeControl "180+1"]
[EndTime "10:18:13 PDT"]
[Termination "DenisQ won by resignation"]

1. e4 c6 2. b3 d5 3. Qe2 dxe4 4. Nc3 Nf6 5. Nxe4 Nxe4 6. Qxe4 Qd5 7. Qe3 Bf5 8. Bb2 e6 9. O-O-O Nd7 10. Nf3 Qc5 11.
Nd4 Bg6 12. h4 h6 13. h5 Bh7 14. Bd3 Bxd3 15. Qxd3 Be7 16. Rde1 O-O-O 17. Qe3 Nf6 18. Nf3 Ng4 19. Qxc5 Bxc5 20. d4 Bd6 21. Re2 Rhe8 22.
a4 Bf4+ 23. Kb1 Rd5 24. c4 Rf5 25. Rh4 Nf6 26. g4 Ra5 27. Bc3 Ra6 28. Kc2 Rd8 29. Ne1 b5 30. Nd3 Bg5 31. Nc5 Bxh4 32. Nxa6 bxc4 33.
bxc4 Nxg4 34. d5 cxd5 35. cxd5 Rxd5 36. Bxg7 Rxh5 37. Kb3 Bxf2 38. Rc2+ Kb7 39. Nb4 Rh3+ 40. Kc4 Ne3+ 41. Kb5 Nxc2 42. Nxc2 Rb3+ 43. Kc4 Rb6 44. Nb4 Rxb4+ 45. Kxb4 h5 46. Bf6 h4 0-1

[Event "*** Titled Tuesday Blitz"]
[Site "Chess.com"]
[Date "2020.10.27"]
[Round "2"]
[White "canary2016"]
[Black "googlegoom"]
[Result "0-1"]
[WhiteElo "1961"]
[BlackElo "2398"]
[TimeControl "180+1"]
[EndTime "10:18:13 PDT"]
[Termination "googlegoom won on time"]

1. d4 d5 2. c4 c6 3. Nf3 Nf6 4. g3 e6 5. Bg2 Be7 6. O-O b6 7. Qc2 Bb7 8. Nbd2 O-O 9. e4 Nbd7 10.
e5 Ne8 11. Rd1 Nc7 12. Qd3 Rc8 13. b3 c5 14. Bb2 dxc4 15. Nxc4 Nd5 16. Nfd2 Nb4 17.
Qe2 Bxg2 18. Kxg2 Qc7 19. Ne4 Qb7 20. Kg1 Rcd8 21. Ned6 Qb8 22. a3 Nd5 23. Rac1 cxd4 24. Bxd4 Nc5 25. Bxc5 bxc5 26. Qf3 Nb6 27. Rc2 Nxc4 28.
Nxc4 Rxd1+ 29. Qxd1 Qxb3 30. Rc1 Qb7 31. Nd6 Qc6 32.
Nc4 Rd8 33. Qc2 Rd5 34. Rd1 g6 35. Rb1 Qc7 36. Qb3 Bf8 37. Qf3 Bg7 38. Re1 Bxe5 39. Nxe5 Rxe5 40. Qa8+ Kg7 41. Rxe5 Qxe5 42. Qxa7 c4 43. Qa4 c3 44. Qc2 Qe1+ 45. Kg2 Qd2 46. Qb1 c2 47. Qb2+ f6 48. a4 Qd5+ 0-1

[Event "*** Titled Tuesday Blitz"]
[Site "Chess.com"]
[Date "2020.10.27"]
[Round "2"]
[White "Manukyan_Artak"]
[Black "MikeSailer"]
[Result "1-0"]
[WhiteElo "2420"]
[BlackElo "2138"]
[TimeControl "180+1"]
[EndTime "10:18:15 PDT"]
[Termination "Manukyan_Artak won by resignation"]

1. e4 d5 2. exd5 Qxd5 3. Nc3 Qd6 4. d4 Nf6 5. g3 c6 6. Bg2 Bf5 7. Bf4 Qb4 8. Rb1 e6 9. Ne2 Be7 10. O-O O-O 11. a3 Qa5 12. Bd2 Qc7 13. b4 Nbd7 14. Na4 Ne4 15. Bf4 Qd8 16. Nc5 Ndxc5 17. bxc5 Qd7 18.
g4 Bg6 19. c3 h6 20. Qb3 b5 21. Rbd1 Bg5 22. c4 a6 23. a4 bxc4 24. Qxc4 Ra7 25. Bxg5 hxg5 26. Ng3 Nf6 27. Rfe1 Nd5 28. Re5 f6 29.
Re2 a5 30. Rb2 Nb4 31. Re1 Re8 32. Ne4 Bxe4 33. Bxe4 Kf8 34. Bg6 Re7 35. Re3 Nd5 36. Rh3 Re8 37. Rh8+ Ke7 38. Rxe8+ Qxe8 39. Bxe8 Kxe8 40.
Rb8+ 1-0

[Event "*** Titled Tuesday Blitz"]
[Site "Chess.com"]
[Date "2020.10.27"]
[Round "2"]
[White "ArjunErigaisi2003"]
[Black "manitodeplomo"]
[Result "1-0"]
[WhiteElo "3004"]
[BlackElo "2630"]
[TimeControl "180+1"]
[EndTime "10:18:16 PDT"]
[Termination "ArjunErigaisi2003 won by resignation"]

1. Nf3 h6 2. d4 g5 3. e4 Bg7 4. Nc3 e6 5. Be3 d6 6. Bd3 a6 7.
Ne2 g4 8. Nd2 h5 9. c3 Nc6 10.
h3 gxh3 11. Rxh3 e5 12. Rh1 Nf6 13. d5 Ne7 14. f3 h4 15. Qc2 Ng6 16. O-O-O c6 17.
c4 c5 18. Kb1 Bd7 19. Nc3 Bh6 20. Bxh6 Rxh6 21. Rdg1 Rh8 22. Nf1 Nh5 23. g3 hxg3 24.
Nxg3 Nxg3 25. Rxh8+ Nxh8 26. Qh2 Ng6 27. Rxg3 Qf6 28.
Bf1 Ke7 29. Ne2 Rh8 30. Qf2 Rh1 31. Rg1 Rxg1 32. Nxg1 Qg5 33. Bh3 Qh4 34. Qxh4+ Nxh4 35. Bxd7 Kxd7 36. Kc2 f5 37. Kd3 Ke7 38. Ke3 f4+ 39.
Kf2 b5 40. cxb5 axb5 41. Ne2 Kd7 42. Nc3 b4 43. Na4 Kc7 44. b3 Kb7 45. Nb2 Kc7 46.
Nc4 Kd7 47. Nd2 Kc7 48. Kg1 Kb6 49. Nc4+ Kc7 50. Nd2 Kb6 51. Kh2 Kb5 52. Kh3 Nxf3 53. Nxf3 c4 54. Kg4 Kc5 55. bxc4 Kxc4 56. Nxe5+ Kd4 57.
Kxf4 dxe5+ 58. Kf5 Kc3 59. d6 Kb2 60. d7 Kxa2 61.
d8=Q b3 62. Qd5 1-0

[Event "*** Titled Tuesday Blitz"]
[Site "Chess.com"]
[Date "2020.10.27"]
[Round "2"]
[White "TotsukaBlade"]
[Black "beto-betun"]
[Result "1-0"]
[WhiteElo "2442"]
[BlackElo "2196"]
[TimeControl "180+1"]
[EndTime "10:18:16 PDT"]
[Termination "TotsukaBlade won by resignation"]

1. e4 c5 2. Nf3 d6 3. Bb5+ Nd7 4. Ba4 a6 5. c3 Nf6 6. O-O Nxe4 7.
Re1 Nf6 8. d4 b5 9. Bc2 g6 10.
a4 Bb7 11. axb5 axb5 12. Rxa8 Bxa8 13. dxc5 Nxc5 14. Na3 Bc6 15. Nd4 Bd7 16. Ndxb5 Bg7 17.
Nxd6+ Kf8 18. Ndc4 h6 19. b4 Ne6 20. Ne5 Qc8 21.
Bb3 Ng5 22. Bxg5 hxg5 23. Nxf7 Rh4 24. Ne5 Bf5 25. Bc2 Kg8 26. Nxg6 Bxg6 27. Bxg6 Qg4 28.
Qxg4 Nxg4 29. h3 Nh6 30. Re3 Bf6 31. Nb5 Kg7 32. Bc2 Nf7 33. Nc7 Ne5 34. Ne6+ Kh8 35.
Nxg5 Nc4 36. Rg3 Bxg5 37. Rxg5 Rf4 38. b5 Nd2 39. b6 Rf6 40. Rb5 Rc6 41. b7 Rxc3 42.
b8=Q+ Kg7 43. Rg5+ Kf6 44. Qe5+ 1-0

[Event "*** Titled Tuesday Blitz"]
[Site "Chess.com"]
[Date "2020.10.27"]
[Round "2"]
[White "MarkoPe"]
[Black "PhileKhoob"]
[Result "0-1"]
[WhiteElo "2196"]
[BlackElo "2443"]
[TimeControl "180+1"]
[EndTime "10:18:18 PDT"]
[Termination "PhileKhoob won on time"]

1. c4 Nf6 2. Nc3 d5 3. cxd5 Nxd5 4. g3 g6 5. Bh3 Nb6 6. Bg2 Bg7 7. Nf3 Nc6 8. O-O O-O 9. a3 e5 10. b4 h6 11. Rb1 Be6 12. Qc2 Nd4 13. Nxd4 exd4 14.
Ne4 Bd5 15. Bb2 c6 16. d3 Re8 17. Rfe1 Rc8 18. Qc5 Na4 19. Qd6 Nc3 20. Qxd8 Rcxd8 21. Nxc3 dxc3 22. Ba1 f5 23. Bxd5+ cxd5 24. Rbc1 d4 25. e4 dxe3 26. Bxc3 Rxd3 27. Bxg7 Kxg7 28. Rxe3 Rexe3 29. fxe3 Rxe3 30. Rc7+ Kf6 31. Rxb7 Rxa3 32. Kg2 h5 33. h4 f4 34. gxf4 Kf5 35. Rf7+ Kg4 36. Rg7 Ra2+ 37. Kf1 Kxh4 38. Rxg6 Rb2 39. Ra6 Kg3 40.
Rxa7 Rb1+ 41. Ke2 h4 42. Rg7+ Kxf4 43. Kf2 Rb2+ 0-1

[Event "*** Titled Tuesday Blitz"]
[Site "Chess.com"]
[Date "2020.10.27"]
[Round "2"]
[White "chesstrainer2042"]
[Black "TioCridineno"]
[Result "0-1"]
[WhiteElo "2431"]
[BlackElo "2230"]
[TimeControl "180+1"]
[EndTime "10:18:19 PDT"]
[Termination "TioCridineno won by resignation"]

1. e4 c5 2. Nc3 a6 3. Nf3 d6 4. d4 cxd4 5. Nxd4 Nf6 6. Bd3 e5 7.
Nde2 Be7 8. Ng3 h5 9. O-O h4 10. Nge2 Be6 11. h3 Qc7 12. f4 b5 13. f5 Bc4 14.
Bg5 Nbd7 15. a4 b4 16. Nb1 Rc8 17. Nd2 Bxd3 18. cxd3 Nh5 19. Be3 Nc5 20. Rc1 Qb7 21. Bxc5 dxc5 22. Nf3 Bf6 23. Qd2 Ke7 24. Qe3 Qb6 25.
Nd2 Nf4 26. Nc4 Qc7 27. Qf3 Nxe2+ 28. Qxe2 Rhd8 29. Rcd1 Rd4 30. Ne3 Qd6 31. b3 Bg5 32.
Nd5+ Kf8 33. Qh5 Qh6 34. Qg4 f6 35. Kh1 Kf7 36. Rf2 Qh8 37. Rc2 a5 38. Qf3 Qd8 39. Rc4 Qd6 40. Rf1 Kg8 41. Rf2 Rd8 42. Rfc2 Rc8 43.
Rxd4 exd4 44. Qh5 Be3 45. Qg6 Qg3 46. Qxg3 hxg3 47. Nxe3 dxe3 48. Re2 c4 49. dxc4 Rd8 50.
Re1 e2 51. c5 Rd1 52. Rg1 Rxg1+ 0-1

[Event "*** Titled Tuesday Blitz"]
[Site "Chess.com"]
[Date "2020.10.27"]
[Round "2"]
[White "teacher4chess"]
[Black "SanchezKelvin"]
[Result "0-1"]
[WhiteElo "2065"]
[BlackElo "2409"]
[TimeControl "180+1"]
[EndTime "10:18:19 PDT"]
[Termination "SanchezKelvin won on time"]

1. d4 Nf6 2. Nf3 c5 3. dxc5 Na6 4. a3 Nxc5 5. b4 Nce4 6. Bb2 g6 7. Nbd2 Nxd2 8. Qxd2 Bg7 9. e3 a5 10. c4 O-O 11. Bd3 d5 12. c5 Bg4 13. Ne5 Be6 14. O-O Qc7 15. Rac1 axb4 16. axb4 Ra2 17. Bb1 Rxb2 18.
Qxb2 Ng4 19. f4 Nxe3 20. Rf3 Nc4 21. Qf2 Nxe5 22. fxe5 Bxe5 23. h4 Bg4 24. Rb3 Bf4 25. Rf1 Bh6 26. Qg3 Qxg3 27. Rxg3 Be2 28. Re1 Bf4 29.
Ra3 Bb5 30. Rxe7 Bd2 31. Rxb7 Bxb4 32. Rf3 Bxc5+ 33. Kh1 Bc4 34. Bd3 Bd4 35. Bxc4 dxc4 36. Rf4 Rd8 37. Rfxf7 c3 38. Rfd7 Rc8 39. Rxd4 c2 40.
Rdd7 c1=Q+ 41. Kh2 Qf4+ 0-1

[Event "*** Titled Tuesday Blitz"]
[Site "Chess.com"]
[Date "2020.10.27"]
[Round "2"]
[White "GMJustin"]
[Black "capatl"]
[Result "0-1"]
[WhiteElo "2280"]
[BlackElo "2491"]
[TimeControl "180+1"]
[EndTime "10:18:21 PDT"]
[Termination "capatl won on time"]

1. e4 c5 2. Nf3 e6 3. d4 cxd4 4. Nxd4 a6 5. c4 Qc7 6. Nc3 Nf6 7. Be2 d6 8. O-O Nbd7 9. f4 b6 10. b4 b5 11. Qb3 bxc4 12. Bxc4 Nb6 13. Bd3 Bb7 14. Be3 Ng4 15. Bd2 d5 16. Rac1 dxe4 17. Ncb5 Qd8 18. Nc7+ Ke7 19. Ncxe6 Qd5 20. Rc7+ Nd7 21.
Qc3 fxe6 22. Bc4 Qd6 23. Bxe6 Rd8 24. Nf5+ Kxe6 25. Nxd6 Bxd6 26. Rxb7 Ngf6 27. Qc4+ Ke7 28. Be3 Rc8 29. Qxa6 Ra8 30. Qb5 Rxa2 31. Rd1 Rc8 32. Rxd7+ Nxd7 33. Bc5 Nxc5 34. bxc5 Rxc5 35. Qb7+ Bc7 36.
Qxe4+ Kf7 37. Qd4 Bb6 38. Qd7+ Kf8 39. Kh1 Rac2 40. Qd6+ Kf7 41. Qxb6 Rc6 42. Qb7+ Kf6 43. Qb3 R2c3 44. Qb4 R3c4 45. Qd2 Re6 46. Qd3 Rce4 47. g3 Re3 48. Qd4+ Kf5 49. Qc5+ Kg4 50. Qg5+ Kf3 51. Qh5+ Kf2 52. Rd2+ Re2 53. Rxe2+ Rxe2 54. h4 Kf1 55. Qf3+ Ke1 56. Qc3+ Kf2 57. Qd4+ Kf3 58. Qd3+ Re3 59. Qxh7 Kf2 0-1

[Event "*** Titled Tuesday Blitz"]
[Site "Chess.com"]
[Date "2020.10.27"]
[Round "2"]
[White "Azerichess"]
[Black "olksuna"]
[Result "1/2-1/2"]
[WhiteElo "2985"]
[BlackElo "2631"]
[TimeControl "180+1"]
[EndTime "10:18:22 PDT"]
[Termination "Game drawn by repetition"]

1. d4 d5 2. c4 e6 3. Nc3 Be7 4. Nf3 Nf6 5. Bg5 h6 6. Bh4 O-O 7. e3 Ne4 8. Bxe7 Qxe7 9. Qc2 Nxc3 10. Qxc3 dxc4 11. Bxc4 b6 12. Rc1 Bb7 13. Be2 Rc8 14. b4 c5 15. dxc5 bxc5 16. b5 a6 17. a4 axb5 18. axb5 Nd7 19. O-O Nb6 20. Ne5 Nd5 21. Qb2 Ra4 22. Rc4 Rb4 23. Rxb4 cxb4 24. Bf3 Qc5 25. Nc6 Bxc6 26. bxc6 Rxc6 27. h3 Rc8 28. Bxd5 exd5 29. Rb1 Rb8 30. Qe5 Qb5 31. Rb3 Rc8 32.
e4 Rd8 33. Qd4 Qd7 34. e5 Rb8 35. Rxb4 Rxb4 36. Qxb4 d4 37. Kf1 Qd5 38. f4 Qe4 39. Qd2 h5 40. Kf2 h4 41. g3 hxg3+ 42. Kxg3 g6 43.
h4 Kg7 44. Kf2 Kh7 45. Kg3 Kg7 46. Kf2 Kf8 47. Qb4+ Kg7 48. Qd2 1/2-1/2

[Event "*** Titled Tuesday Blitz"]
[Site "Chess.com"]
[Date "2020.10.27"]
[Round "2"]
[White "Sergienko_Sergey"]
[Black "Joshukid"]
[Result "0-1"]
[WhiteElo "2345"]
[BlackElo "2685"]
[TimeControl "180+1"]
[EndTime "10:18:22 PDT"]
[Termination "Joshukid won on time"]

1. e4 g6 2. d4 Bg7 3. Nc3 d5 4. exd5 Nf6 5. Bb5+ Nbd7 6. Nf3 O-O 7. O-O Nb6 8. Re1 Nbxd5 9. Nxd5 Nxd5 10. h3 a6 11. Bf1 b5 12. c3 Bb7 13. Bg5 Qd6 14. Qd2 Rfe8 15. Bh6 Rad8 16. Bxg7 Kxg7 17. Rad1 e6 18.
Ne5 c5 19. dxc5 Qxc5 20. Ng4 Qf8 21. a4 bxa4 22. Qd4+ f6 23. Qxa4 h5 24. Ne3 Nxe3 25.
Rxe3 Rxd1 26. Qxd1 e5 27. Rd3 Re7 28. Rd6 Qe8 29. Bxa6 Ba8 30. Bf1 Qb8 31. Rd8 Qb7 32.
Qd6 Rf7 33. b4 Qe4 34. c4 Bb7 35. c5 Qxb4 36. Rb8 Qe4 37. Qd8 Kh6 38. Qh8+ Kg5 39. Rg8 Rd7 40. h4+ Qxh4 41. Rf8 Kf5 0-1

[Event "*** Titled Tuesday Blitz"]
[Site "Chess.com"]
[Date "2020.10.27"]
[Round "2"]
[White "Ze-Pequeno"]
[Black "ARMQUEEN"]
[Result "1-0"]
[WhiteElo "2306"]
[BlackElo "2489"]
[TimeControl "180+1"]
[EndTime "10:18:22 PDT"]
[Termination "Ze-Pequeno won by resignation"]

1. e4 c5 2. Nf3 Nc6 3. d4 cxd4 4. Nxd4 g6 5. c4 Nf6 6. Nc3 Nxd4 7. Qxd4 Bg7 8. Be3 O-O 9. e5 Ne8 10. Be2 d6 11. f4 Nc7 12. O-O-O Ne6 13. Qe4 Qa5 14. Qd5 Qb4 15. a3 Qb3 16. c5 Qxd5 17. Nxd5 dxe5 18.
Nxe7+ Kh8 19. fxe5 Bxe5 20. b4 Re8 21. Nxc8 Raxc8 22. Kb1 Bg7 23. Bb5 Re7 24. Rd7 Rxd7 25. Bxd7 Rd8 26.
Bxe6 fxe6 27. Kc2 Kg8 28. Rd1 Rxd1 29. Kxd1 Kf7 30. Kc2 Ke7 31. Kd3 Bb2 32. a4 Kd7 33.
Kc4 h5 34. b5 Be5 35. h3 Bf6 36. Kd3 e5 37. Ke4 a6 38. Kd5 axb5 39. axb5 Bg7 40. c6+ bxc6+ 41. bxc6+ Kc7 42. Ke6 Kxc6 43. Kf7 Bh8 44.
Kxg6 Kd5 45. Kf5 Bg7 46. g4 hxg4 47. hxg4 Kc4 48. Ke4 Kc3 49. Bf2 Kd2 50. Bg3 Ke2 51. Bxe5 Bh6 52. Bf4 Bg7 53. g5 Kf2 54. g6 Kg2 55.
Kf5 Kh3 56. Bg5 Kg3 57. Ke6 Kg4 58. Kf7 1-0

[Event "*** Titled Tuesday Blitz"]
[Site "Chess.com"]
[Date "2020.10.27"]
[Round "2"]
[White "wannabe2700"]
[Black "Trickov"]
[Result "1-0"]
[WhiteElo "2745"]
[BlackElo "2355"]
[TimeControl "180+1"]
[EndTime "10:18:24 PDT"]
[Termination "wannabe2700 won on time"]

1. d4 d5 2. c4 c6 3. Nf3 Nf6 4. e3 Bf5 5. Nc3 e6 6. Nh4 Bg4 7. Qb3 Qb6 8. c5 Qc7 9. h3 Bh5 10. g4 Bg6 11. g5 Ng8 12. f4 Ne7 13. Bd2 b6 14. cxb6 axb6 15. Be2 Nf5 16. Nxf5 Bxf5 17. h4 h6 18. Kf2 Be7 19. Bf3 Nd7 20. Ne2 c5 21. Ng3 c4 22. Qd1 Bd3 23. Be2 Bxe2 24. Qxe2 b5 25. a3 Nf8 26. Bb4 g6 27. Bxe7 Qxe7 28.
e4 Qb7 29. f5 Nd7 30. fxe6 fxe6 31. gxh6 O-O+ 32. Kg2 Nf6 33. e5 Ne4 34. Rhf1 Nxg3 35. Kxg3 Kh7 36. Qg4 Qe7 37. Qg5 Qd7 38. Rf6 Rxf6 39.
Qxf6 Re8 40. Rf1 Kxh6 41. h5 1-0

[Event "*** Titled Tuesday Blitz"]
[Site "Chess.com"]
[Date "2020.10.27"]
[Round "2"]
[White "GameOverBro"]
[Black "Smile2005"]
[Result "1-0"]
[WhiteElo "2514"]
[BlackElo "2296"]
[TimeControl "180+1"]
[EndTime "10:18:24 PDT"]
[Termination "GameOverBro won on time"]

1. e4 c6 2. Nc3 d5 3. Nf3 Bg4 4. h3 Bxf3 5. Qxf3 e6 6. a3 g6 7. d3 Bg7 8. Qg3 Ne7 9. Be2 O-O 10. O-O Nd7 11. f4 c5 12. f5 exf5 13. exd5 Nf6 14. d6 Nc8 15. Bf4 Ne8 16. Nb5 a6 17. Nc7 Ra7 18.
Nxe8 Rxe8 19. Bf3 Bxb2 20. Rab1 Bd4+ 21. Kh1 b5 22. c4 Qb6 23. cxb5 axb5 24. a4 b4 25. a5 Qxa5 26. d7 Rxd7 27. Bc6 Rde7 28. Bxe8 Rxe8 29. h4 h5 30. Bc7 Qb5 31. Rxf5 Re3 32.
Qg5 Qd7 33. Bf4 Qxf5 34. Bxe3 Qxd3 35. Re1 Bxe3 36. Rxe3 Qd1+ 37. Kh2 Qd6+ 38. g3 Nb6 39.
Re5 c4 40. Qf4 Qd7 41. Qe3 1-0

[Event "*** Titled Tuesday Blitz"]
[Site "Chess.com"]
[Date "2020.10.27"]
[Round "2"]
[White "earling8018"]
[Black "infinitegiantkiller"]
[Result "0-1"]
[WhiteElo "2010"]
[BlackElo "2406"]
[TimeControl "180+1"]
[EndTime "10:18:24 PDT"]
[Termination "infinitegiantkiller won by resignation"]

1. d4 e6 2. c4 d5 3. Nc3 Nf6 4. Bg5 Be7 5. Nf3 O-O 6. e3 b6 7. cxd5 Nxd5 8. Bxe7 Qxe7 9. Nxd5 exd5 10. Bd3 Bb7 11.
O-O Nd7 12. Rc1 Rac8 13. Qc2 g6 14. Rfd1 c5 15. dxc5 Nxc5 16. Qe2 Na4 17. Nd4 Nc5 18. Rc2 Nxd3 19. Qxd3 Rxc2 20. Qxc2 Rc8 21. Qd2 Qc5 22. h3 h5 23. Nf3 Qc2 24. Qxc2 Rxc2 25. Rd2 Rc1+ 26.
Kh2 Kf8 27. Kg3 Ke7 28. Kf4 f6 29. h4 Rc4+ 30. Nd4 Rc1 31. g4 hxg4 32. Kxg4 Rg1+ 33. Kf3 Rh1 34. Kg3 Rg1+ 35. Kf3 Bc8 36. Nc6+ Kd6 37. Nxa7 Bg4+ 38. Kf4 Bd7 39. Kf3 Ke5 40.
e4 dxe4+ 41. Ke3 Re1+ 42. Re2 Rh1 43. b3 Rh3+ 44. Kd2 Rxh4 45. f3 g5 46. a4 f5 47.
fxe4 Rxe4 48. Nb5 Bxb5 49. axb5 Rxe2+ 50. Kxe2 Kd4 0-1

[Event "*** Titled Tuesday Blitz"]
[Site "Chess.com"]
[Date "2020.10.27"]
[Round "2"]
[White "cassoulet"]
[Black "Fortitudine"]
[Result "1-0"]
[WhiteElo "2675"]
[BlackElo "2293"]
[TimeControl "180+1"]
[EndTime "10:18:26 PDT"]
[Termination "cassoulet won by resignation"]

1. e4 c5 2. Nf3 d6 3. d4 cxd4 4. Nxd4 Nf6 5. Nc3 Nc6 6. Bc4 Qb6 7. Nxc6 bxc6 8. Bb3 Bg4 9. f3 Bc8 10. Qe2 Ba6 11.
Qf2 Qxf2+ 12. Kxf2 g6 13. Ba4 Rc8 14. Re1 Nd7 15. Be3 Nb6 16. Bb3 Bg7 17. h4 h5 18.
Rad1 Bf6 19. Bg5 Bxg5 20. hxg5 Kf8 21. f4 Rd8 22. a3 Kg7 23. Rd4 e5 24. Rd2 exf4 25.
Red1 Nc8 26. Kf3 Rhe8 27. Kxf4 f6 28. gxf6+ Kxf6 29. Rf2 Kg7 30. Kg3 Re7 31. Rf4 Rf8 32.
Rxf8 Kxf8 33. Rd2 Kg7 34. Kf4 Kf6 35. Ke3 Bb7 36. Rf2+ Kg7 37. Kd4 Nb6 38. a4 Nd7 39. Bc4 Ne5 40. Bd3 c5+ 41. Ke3 Ng4+ 42. Kf3 Nxf2 43.
Kxf2 Re5 44. Kf3 d5 45. exd5 Bxd5+ 46. Kf2 Be6 47. Ne2 Bf5 48. Nf4 Bxd3 49. Nxd3 Rf5+ 50. Ke3 Kf6 51. c3 g5 52. Nf2 g4 53. Ne4+ Kg6 54. b4 cxb4 55. cxb4 h4 56. Nf2 Kg5 57. Ne4+ Kh5 58. b5 Re5 59. Kf4 Rxe4+ 60. Kxe4 h3 61.
gxh3 gxh3 62. Kf3 Kg5 63. a5 Kf5 64. b6 axb6 65. a6 1-0

[Event "*** Titled Tuesday Blitz"]
[Site "Chess.com"]
[Date "2020.10.27"]
[Round "2"]
[White "CakeinSpace2002"]
[Black "Sammed_Shete"]
[Result "0-1"]
[WhiteElo "2337"]
[BlackElo "2647"]
[TimeControl "180+1"]
[EndTime "10:18:26 PDT"]
[Termination "Sammed_Shete won by resignation"]

1. c4 e5 2. Nc3 Nc6 3. g3 f5 4. Bg2 Nf6 5. d3 Bc5 6. e3 O-O 7. Nge2 a5 8. O-O d6 9. d4 Ba7 10. Nd5 Ne4 11. b3 Bd7 12. Bb2 Rc8 13. Qc2 Qg5 14. Rad1 Qh5 15. f3 Ng5 16. c5 Rf7 17. a3 exd4 18. Nef4 Qh6 19. exd4 dxc5 20. dxc5 b6 21.
Qc4 bxc5 22. Ne7+ Nxe7 23. Rxd7 Kf8 24. Rfd1 Nc6 25. Rxf7+ Nxf7 26. Ne6+ Kg8 27. Bxg7 Qe3+ 28. Kh1 Nd4 29. Bf6 Nxe6 30. Qa6 Re8 31. Qxa7 Nd4 32. Qxc7 Nxf3 33. Qd7 Qe2 34. Rf1 Ne1 35. Qd5 Nxg2 36. Qxg2 Nd6 37. Qxe2 Rxe2 38. Rd1 Ne4 39. Be5 Nf2+ 40.
Kg2 Nxd1+ 0-1

[Event "*** Titled Tuesday Blitz"]
[Site "Chess.com"]
[Date "2020.10.27"]
[Round "2"]
[White "MateusViageiro"]
[Black "Azatic"]
[Result "1-0"]
[WhiteElo "2362"]
[BlackElo "2651"]
[TimeControl "180+1"]
[EndTime "10:18:28 PDT"]
[Termination "MateusViageiro won by resignation"]

1. e4 c5 2. Nf3 e6 3. d4 cxd4 4. Nxd4 a6 5. Nc3 Qc7 6. a3 Nf6 7. Bd3 Be7 8. O-O O-O 9. Be3 d6 10. f4 Nc6 11. Nb3 e5 12. f5 Rd8 13. Qf3 Na5 14. Nxa5 Qxa5 15. g4 d5 16. exd5 Nxd5 17.
b4 Nxb4 18. axb4 Qxb4 19. Nd5 Qd6 20. Nxe7+ Qxe7 21. f6 Qe6 22. g5 g6 23. Ra4 Bd7 24. Rh4 h5 25. gxh6 Kh7 26. Be4 Rac8 27. Bd5 Qe8 28. c4 Bc6 29. Rd1 Bxd5 30. cxd5 Rc2 31. Rg4 Qb5 32. Rg2 Rc3 33. Qe4 Rdc8 34. Qxe5 Rb3 35.
Qe7 Qe8 36. Re2 Qg8 37. d6 Rbc3 38. d7 Rd8 39. Bb6 Rcc8 40. dxc8=Q Rxd1+ 41. Kf2 Qxc8 42. Qxf7+ Kxh6 43. Qg7+ Kg5 44. Be3+ Kf5 45. f7 Rf1+ 46. Kxf1 Qc1+ 47. Bxc1 1-0

[Event "*** Titled Tuesday Blitz"]
[Site "Chess.com"]
[Date "2020.10.27"]
[Round "2"]
[White "ShahMatKanal"]
[Black "Quattroporte300"]
[Result "1-0"]
[WhiteElo "2474"]
[BlackElo "2254"]
[TimeControl "180+1"]
[EndTime "10:18:28 PDT"]
[Termination "ShahMatKanal won by resignation"]

1. d4 Nf6 2. c4 d6 3. Nf3 Nbd7 4. Nc3 e5 5. e4 c6 6. Be2 Be7 7. O-O O-O 8. Re1 a6 9. d5 cxd5 10. cxd5 b5 11. Bf1 Bb7 12. a3 Rc8 13. Be3 Ng4 14.
Bd2 Qb6 15. Qe2 f5 16. h3 fxe4 17. hxg4 exf3 18. gxf3 Rf7 19. Rad1 Rcf8 20. Bg2 Qc7 21. Be3 Nb6 22. Rd3 Nc4 23. Bc1 Qd7 24. Red1 Bd8 25. b3 Nb6 26. Be3 h6 27. Na2 Qc8 28. Nb4 Qa8 29. Nc6 Bc7 30. Rc1 Nxd5 31. Rxd5 Bxc6 32.
Rd3 Bb8 33. Bd2 d5 34. Rdc3 Rf6 35. f4 e4 36. f5 Be5 37. Rc5 Qe8 38. Bb4 Bd6 39.
Rxc6 Bxb4 40. Rxf6 Rxf6 41. axb4 Qe7 42. Rc5 a5 43.
Rxd5 axb4 44. Qxe4 Qxe4 45. Bxe4 Ra6 46. Rxb5 1-0

[Event "*** Titled Tuesday Blitz"]
[Site "Chess.com"]
[Date "2020.10.27"]
[Round "2"]
[White "BogdanBelyakov89"]
[Black "Smirnov_Pavel"]
[Result "1-0"]
[WhiteElo "2588"]
[BlackElo "2856"]
[TimeControl "180+1"]
[EndTime "10:18:33 PDT"]
[Termination "BogdanBelyakov89 won on time"]

1. e4 c5 2. Nf3 Nc6 3. d4 cxd4 4. Nxd4 Nf6 5. Nc3 e5 6. Ndb5 d6 7. Bg5 a6 8. Na3 b5 9. Bxf6 gxf6 10. Nd5 Bg7 11.
c3 f5 12. exf5 Bxf5 13. Nc2 Be6 14. Nce3 Ne7 15. g3 Nxd5 16. Nxd5 O-O 17. Bg2 a5 18. O-O f5 19. Qd2 Rb8 20. Rad1 e4 21.
Bh3 Kh8 22. b3 Be5 23. Bg2 Rc8 24. Rc1 Rc5 25. Nf4 Bg8 26. Rfd1 Qc7 27. Ng6+ hxg6 28.
Qh6+ Qh7 29. Qxf8 Qg7 30. Qd8 Qc7 31. Qg5 Kg7 32. h4 Bf6 33. Qe3 d5 34. Bf1 Bxc3 35. h5 b4 36. Qg5 Qd6 37. hxg6 Qf6 38. Qf4 Kxg6 39. Be2 d4 40. Bc4 Bxc4 41. bxc4 Rxc4 42. Kg2 Rc6 43. Rh1 Qg5 44. Qb8 f4 45. Qe8+ Kf5 46.
Qxc6 f3+ 47. Kh2 Qd2 48. Qd5+ Kf6 49. Qd6+ 1-0

[Event "*** Titled Tuesday Blitz"]
[Site "Chess.com"]
[Date "2020.10.27"]
[Round "2"]
[White "ARTHURMOTIVATOR"]
[Black "maciek_92"]
[Result "0-1"]
[WhiteElo "2358"]
[BlackElo "2699"]
[TimeControl "180+1"]
[EndTime "10:18:33 PDT"]
[Termination "maciek_92 won on time"]

1. e4 c5 2. b3 Nc6 3. Bb2 e6 4. Bb5 Qb6 5. Na3 a6 6. Bd3 Qc7 7. Nf3 b5 8. O-O Nf6 9. c4 b4 10. Nc2 Be7 11. e5 Ng4 12. Qe2 h5 13. h3 Nh6 14.
Be4 Bb7 15. d4 cxd4 16. Ncxd4 g5 17. Nxc6 Bxc6 18. Nd2 g4 19. Bxc6 Qxc6 20. Qe4 Rc8 21. Qxc6 Rxc6 22. hxg4 hxg4 23. Ne4 Nf5 24. g3 Bc5 25.
Rad1 Ke7 26. Kg2 Ba7 27. a3 a5 28. axb4 axb4 29. Ra1 Bd4 30. Bxd4 Nxd4 31. Rfd1 Nf3 32. Ra7 Rh2+ 33. Kf1 Rh1+ 34. Ke2 Rxd1 35. Kxd1 Nxe5 36. Kc2 f5 37. Nd2 Rd6 38. Rb7 Nc6 39. c5 Rd5 40. Nc4 Rxc5 41. Kd3 Rd5+ 42. Ke3 e5 43. Nb6 Rd4 44. Nc8+ Ke6 45. Nb6 f4+ 46. gxf4 exf4+ 47. Ke2 Rd6 48. Nc4 Rd5 49. Rc7 Nd4+ 50. Kf1 Nxb3 51.
Rc8 Nd2+ 0-1